 Dungeon Crawl Stone Soup version 0.28-a0-1545-g945cd3f27e (webtiles) character file.

Game seed: 15258589051884688941

29 BritishOli the Chopper (level 3, 22/28 HPs)
             Began as a Demonspawn Gladiator on Jan 18, 2022.
             Got out of the dungeon alive.
             The game lasted 00:00:30 (1014 turns).

BritishOli the Chopper (Demonspawn Gladiator)       Turns: 1014, Time: 00:00:30

Health: 22/28      AC:  4    Str: 16    XL:     3   Next: 1%
Magic:  3/3        EV: 13    Int:  9    God:
Gold:   33         SH:  0    Dex: 22    Spells: 2/2 levels left

rFire   . . .      SeeInvis .   a - +0 war axe
rCold   . . .      Faith    .   (no shield)
rNeg    . . .      Spirit   .   b - +0 leather armour
rPois   .          Reflect  .   c - +0 helmet
rElec   .          Harm     .   (no cloak)
rCorr   .          Rampage  .   (no gloves)
Will    .....                   (no boots)
Stlth   +++.......              f - amulet of regeneration
HPRegen 0.89/turn               e - +6 ring of dexterity
MPRegen 0.08/turn               (no ring)

@: no status effects
A: thin skeletal structure 1, ignite blood 1
a: no special abilities


You escaped.
You visited 1 branch of the dungeon, and saw 2 of its levels.

You collected 33 gold pieces.

Inventory:

Hand Weapons
 a - a +0 war axe (weapon)
Missiles
 d - 3 throwing nets (quivered)
Armour
 b - a +0 leather armour (worn)
 c - a +0 helmet (worn)
Jewellery
 e - a +6 ring of dexterity (left hand)
 f - an amulet of regeneration (around neck)
Scrolls
 g - 2 scrolls of identify {unknown}
Potions
 h - a potion of haste {unknown}
 i - a potion of mutation {unknown}


   Skills:
 + Level 2.4 Fighting
 + Level 3.0 Axes
 + Level 2.2 Throwing
 + Level 3.0 Dodging


You had 2 spell levels left.
You didn't know any spells.
Your spell library was empty.

Dungeon Overview and Level Annotations

Branches:
Dungeon (2/15)

Altars:


Innate Abilities, Weirdness & Mutations

You have a somewhat thin skeletal structure. (Dex +2, Stealth+)
Your demonic aura sometimes causes spilled blood to erupt in flames.


Message History

You hit the adder.
The adder is almost dead.
You feel sick. The adder barely misses you. The adder bites you.
Unknown command.
You miss the adder.
The adder is almost dead.
You feel sick. The adder bites you.
You are more poisoned.
The adder poisons you! The adder barely misses you.
Unknown command.
You closely miss the adder.
The adder is almost dead.
You feel sick. The adder barely misses you. The adder bites you.
Unknown command.
You closely miss the adder.
The adder is almost dead.
You feel sick. The adder closely misses you.
An adder is nearby!
You slash the adder!
You kill the adder!
You feel sick.
Your Axes skill increases to level 3!
Your Dodging skill increases to level 3!
You have reached level 3!
Your experience leads to an increase in your attributes!
Your base attributes are Str 14, Int 9, Dex 14.
Increase (S)trength, (I)ntelligence, or (D)exterity?
You feel stronger. x2; Your demonic ancestry asserts itself...
Your bones become slightly less dense.
(D) Dungeon
Where to? (Enter - D:2, ? - help)
Okay, then.
You feel sick.
You are no longer poisoned.
You climb upwards.
There is a stone staircase leading down here.
There is a staircase leading out of the dungeon here.
You can't go down here!
Are you sure you want to leave the Dungeon?
This will make you lose the game!
You have escaped!

##'#^....#.####...# ##.#.#
.........#.# #...# #...# ##
....####.#.# #...# ##..# #.
....####.#)# #...# #.># #.
....'..#.#.# #...# ##.# ##.
....##.#.#.####...# ####'###..
....##...#....#...# #.........
########.#..###...# #........#
######.#..###.@.## #........#
#.........##.....## #........#
#.#########..>.8..#####'#+###.#
#.# ##.........##...#.....# #.#
##.....#.....###.####### #.#
##.....###.....##........ #.#
##.....## ##.....##.###### #.#
##.....## ##.....#.# #.#
#.....## ##......#


There were no monsters in sight!

Vanquished Creatures
  An adder (D:2)
  A giant cockroach (D:1)
  3 hobgoblins (D:1)
  4 jackals (D:1)
  A kobold (D:2)
  A quokka (D:1)
  A ball python (D:2)
  A frilled lizard (D:1)
  3 goblins (D:1)
  A rat (D:1)
17 creatures vanquished.

Notes
Turn   | Place    | Note
-------+----------+-------------------------------------------
     0 | D:1      | BritishOli the Demonspawn Gladiator began the quest for the
                  | Orb.
     0 | D:1      | Reached XP level 1. HP: 16/16 MP: 1/1
   360 | D:1      | Found a faded altar of an unknown god.
   366 | D:1      | Gained mutation: Your demonic aura sometimes causes spilled
                  | blood to erupt in flames. [demonic ancestry]
   366 | D:1      | Reached XP level 2. HP: 22/22 MP: 2/2
  1009 | D:2      | Gained mutation: You have a somewhat thin skeletal
                  | structure. (Dex +2, Stealth+) [demonic ancestry]
  1009 | D:2      | Reached XP level 3. HP: 18/28 MP: 3/3
  1014 | D:$      | Got out of the dungeon alive.

Illustrated notes

Levels and vault maps discovered:
D:1:      psy_arrival_spokes, layout_basic,
          hellmonk_ecumenical_altar_arch_garden
D:2:      cheibrodos_old_hovel, layout_basic, grunt_ministairs_2, hex_medium

Skill      XL: |  1  2 |
---------------+-------+-----
Throwing       | 2 |  2.2
Axes           | 3 |  3.0
Dodging        | 3 |  3.0
Fighting       | |  2.4

Action                   || total
-------------------------++-------
Melee: War axe           ||    44
       Punch             ||     1
 Stab: Sleeping          ||     1
Armor: Leather armour    ||    12
Dodge: Dodged            ||    31

Table legend: (Time is in decaauts)
 A = Elapsed time spent in this place.
 B = Non-inter-level travel time spent in this place.
 C = Inter-level travel time spent in this place.
 D = Time resting spent in this place.
 E = Time spent auto-exploring this place.
 F = Levels seen in this place.
 G = Mean time per level.
                   A        B        C        D        E       F      G
               +--------+--------+--------+--------+--------+-----+--------+
         Total |   1029 |    981 |     48 |    246 |    616 |   2 |  514.5 |
       Dungeon |   1029 |    981 |     48 |    246 |    616 |   2 |  514.5 |
               +--------+--------+--------+--------+--------+-----+--------+

Top non-repeatable levels by time:
     D:1: 1012 daAuts
     D:2: 16 daAuts
